 Dungeon Crawl Stone Soup version 0.31-a0-236-g9a0961fb85 (webtiles) character file.

Game seed: 4808093138268637723

46 qw the Shooter (level 3, -2/30 HPs)
             Began as a Minotaur Hexslinger on July 10, 2023.
             Slain by a goblin
             ... wielding a +0 dagger
             ... led by Robin
              (5 damage)
             ... on level 2 of the Dungeon.
             The game lasted 00:00:19 (958 turns).

qw the Shooter (Minotaur Hexslinger)                 Turns: 958, Time: 00:00:20

Health: -2/30      AC:  3    Str: 12    XL:     3   Next: 44%
Magic:  3/3        EV: 12    Int: 10    God:
Gold:   27         SH:  0    Dex: 14    Spells: 3/4 levels left

rFire   . . .        Y - +1 sling
rCold   . . .        (no shield)
rNeg    . . .        f - +0 leather armour
rPois   .            (helmet restricted)
rElec   .            (no cloak)
rCorr   .            (no gloves)
SInv    .            (no boots)
Will    .....        e - amulet of regeneration
Stlth   +            (no ring)
HPRegen 1.05/turn    (no ring)
MPRegen 0.08/turn

%: no passive effects
@: about to teleport
A: horns 2, retaliatory headbutt
a: no special abilities


You were on level 2 of the Dungeon.
You visited 1 branch of the dungeon, and saw 2 of its levels.

You collected 49 gold pieces.
You spent 22 gold pieces at shops.


Innate Abilities, Weirdness & Mutations

You have a pair of horns on your head.
You reflexively headbutt those who attack you in melee.


   Skills:
 - Level 2.5 Fighting
 + Level 3.7 Ranged Weapons
 - Level 2.1 Dodging
 - Level 1.0 Spellcasting
 - Level 2.0 Hexes


You had 3 spell levels left.
You knew the following spells:

 Your Spells              Type           Power      Damage    Failure   Level
a - Slow                  Hex            16%        N/A       19%         1

Your spell library contained the following spells:

 Spells                   Type           Power      Damage    Failure   Level
 Inner Flame              Hex/Fire       2%         N/A       65%         3
 Portal Projectile        Hex/Tloc       4%         N/A       65%         3
 Cause Fear               Hex            2%         N/A       88%         4

Inventory:

Hand Weapons
 Y - a +1 sling (weapon)
Armour
 f - a +0 leather armour (worn)
Jewellery
 e - an amulet of regeneration (around neck)
Scrolls
 a - a scroll of teleportation
 g - a scroll of identify
Potions
 i - a potion of enlightenment
 j - a potion of invisibility {unknown}

Dungeon Overview and Level Annotations

Branches:
Dungeon (2/15)

Altars:

Shops:
D:1 (?:(

Annotations:
D:2 Robin


Message History

You shoot a sling bullet. The sling bullet hits the goblin.
You kill the goblin!
The goblin hits you with a +0 dagger. x2; The goblin closely misses you.
The goblin barely misses you. You furiously retaliate!
You headbutt the goblin.
You kill the goblin!
You shoot a sling bullet.
The sling bullet barely misses the goblin.
Robin throws the goblin at you! The goblin hits you but does no damage.
The goblin closely misses you.
A goblin comes into view. It is wielding a +0 dagger.
The goblin hits you with a +0 dagger.
The goblin hits you but does no damage. x2
You shoot a sling bullet. The sling bullet hits the goblin!
You kill the goblin!
The goblin hits you with a +0 dagger. The goblin misses you.
The goblin barely misses you. x2; The goblin hits you with a +0 dagger.
The goblin misses you. The goblin closely misses you.
The goblin hits you with a +0 dagger. The hobgoblin closely misses you.
You shoot a sling bullet. The sling bullet hits the hobgoblin.
The hobgoblin is almost dead.
The goblin hits you with a +0 dagger. The goblin closely misses you.
The hobgoblin hits you. The goblin hits you with a +0 dagger.
The goblin hits you but does no damage.
You shoot a sling bullet.
The sling bullet closely misses the hobgoblin.
The goblin barely misses you. You furiously retaliate!
You headbutt the goblin, but do no damage.
The goblin barely misses you. The hobgoblin hits you.
The goblin hits you with a +0 dagger. The goblin closely misses you.
The goblin barely misses you.
You shoot a sling bullet.
The sling bullet closely misses the hobgoblin.
Robin throws the goblin at you! The goblin hits you but does no damage.
The goblin hits you with a +0 club. The hobgoblin misses you.
The goblin closely misses you. The goblin hits you but does no damage.
The goblin hits you with a +0 dagger.
958 ||| READING 2 scrolls of teleportation.
As you read the scroll of teleportation, it crumbles to dust.
You feel strangely unstable. The goblin hits you with a +0 dagger.
You die...

###.......###.........#
..................###.#
..........###.##......#
..........# #.##......#
..........# #.##......#
....#+#+#...#..+......#
..#<..# ###.####......#
......#
.......ggg....#.
#######
###.###g@g......
#g#g...... ... ..#####
..... ...# .......
..... ...#... .....#
...#... ....... .. #...
.......


You could see Robin, a hobgoblin (strong) and 5 goblins.

Vanquished Creatures
  A gnoll (D:1)
  A worm (D:2)
  A dart slug (D:1)
  2 ball pythons (D:1)
  2 bats (D:1)
  An endoplasm (D:1)
  7 goblins
  5 hobgoblins
  2 kobolds (D:1)
  2 quokkas (D:1)
  2 rats (D:1)
26 creatures vanquished.

Notes
Turn   | Place    | Note
-------+----------+-------------------------------------------
     0 | D:1      | qw the Minotaur Hexslinger began the quest for the Orb.
     0 | D:1      | Reached XP level 1. HP: 16/16 MP: 1/1
     0 | D:1      | 0 ||| qw: Version: 0.3-a-52-g30416fa
     0 | D:1      | 0 ||| qw: Game counter: 4643
     0 | D:1      | 0 ||| qw: Melee chars always use a shield: true
     0 | D:1      | 0 ||| qw: God list: Okawaru
     0 | D:1      | 0 ||| qw: Allow faded altars: false
     0 | D:1      | 0 ||| qw: Do Orc after clearing Dungeon:15 true
     0 | D:1      | 0 ||| qw: Do second Lair branch before Depths: true
     0 | D:1      | 0 ||| qw: Lair rune preference: random
     0 | D:1      | 0 ||| qw: Goals: Normal
     0 | D:1      | 0 ||| PLANNING D:1-11
    13 | D:1      | Found Nifier's Antique Weapon Shop.
   233 | D:1      | Reached skill level 3 in Ranged Weapons
   233 | D:1      | Reached XP level 2. HP: 11/23 MP: 2/2
   399 | D:1      | Found Zooneg's Magic Scroll Shop.
   402 | D:1      | 402 ||| SHOPLISTING scroll of brand weapon (104 gold, have
                  | 22).
   402 | D:1      | 402 ||| BUYING scroll of identify (22 gold).
   402 | D:1      | Bought a scroll of identify for 22 gold pieces
   402 | D:1      | 402 ||| SHOPLISTING scroll of identify (22 gold, have 0).
   402 | D:1      | 402 ||| SHOPLISTING scroll of teleportation (33 gold, have
                  | 0).
   433 | D:1      | Found Jerin's Weapon Emporium.
   575 | D:1      | Reached XP level 3. HP: 30/30 MP: 3/3
   785 | D:1      | Found Hiachy's Book Boutique.
   865 | D:1      | 865 ||| UPGRADING to +0 leather armour.
   875 | D:1      | 875 ||| DROPPING +0 robe.
   876 | D:1      | 876 ||| UPGRADING to amulet of regeneration.
   881 | D:1      | 881 ||| READING 2 scrolls labelled MIPHOGEECA.
   885 | D:1      | 885 ||| READING 3 scrolls of identify.
   885 | D:1      | 885 ||| IDENTIFYING amethyst potion
   886 | D:1      | 886 ||| READING 2 scrolls of identify.
   886 | D:1      | 886 ||| IDENTIFYING viscous sapphire potion
   887 | D:1      | 887 ||| DROPPING scroll of poison.
   888 | D:1      | 888 ||| DROPPING potion of brilliance.
   946 | D:2      | Noticed Robin
   957 | D:2      | HP: 4/30 [goblin/+0 club[Robin] (6)]
   958 | D:2      | 958 ||| READING 2 scrolls of teleportation.
   958 | D:2      | Slain by a goblin

Levels and vault maps discovered:
D:1:      co_arrival_random_square_maze, layout_loops_ring, serial_shops,
          nicolae_shop_rolling_square, nicolae_shop_waterfront, shop,
          nicolae_shop_rolled_up, serial_bayou_pond_a
D:2:      layout_basic, uniq_robin, uniq_crazy_yiuf_cottage

Skill      XL: |  1  2 |
---------------+-------+-----
Ranged Weapons | 3 |  3.7
Fighting       | 2 |  2.5
Dodging        | |  2.1
Spellcasting   | |  1.0
Hexes          | |  2.0

Action                     || total
---------------------------++-------
   Fire: Sling             ||    77
    Use: Scroll            ||     4
 Armour: Robe              ||     4
         Leather armour    ||     9
  Dodge: Dodged            ||    44

Table legend:
 A = Non-vault XP
 B = Vault XP
 C = Vault XP percentage of total XP
 D = Non-vault monster count
 E = Vault monster count
 F = Vault count percentage of total count
                 A         B        C        D         E       F
            +---------+---------+-------+---------+---------+-------
      Total |      56 |      10 |  15.2 |      21 |       5 |  19.2
            +---------+---------+-------+---------+---------+-------
        D:1 |      47 |       0 |   0.0 |      18 |       0 |   0.0
        D:2 |       9 |      10 |  52.6 |       3 |       5 |  62.5
            +---------+---------+-------+---------+---------+-------
